 Dungeon Crawl Stone Soup version 0.28-a0-390-gb254ac4902 (webtiles) character file.

Game seed: 7945603580136792576

6145 omnomnOMINOUS the Cruncher (level 10, -6/72 HPs)
             Began as an Octopode Wanderer on Sept 3, 2021.
             Was an Elder of Yredelemnul.
             Mangled by a troll (17 damage)
             ... on level 10 of the Dungeon.
             The game lasted 00:33:03 (9129 turns).

omnomnOMINOUS the Cruncher (Octopode Wanderer)      Turns: 9129, Time: 00:33:04

Health: -6/72      AC:  1    Str: 13    XL:     10   Next: 90%
Magic:  29/38      EV: 16    Int: 16    God:    Yredelemnul [****..]
Gold:   345        SH:  0    Dex: 12    Spells: 18/23 levels left

rFire   . . .      SeeInvis +   a - +9 quarterstaff of a Gauntlet {vorpal, Will+}
rCold   . . .      Faith    .   (shield currently unavailable)
rNeg    . . .      Spirit   .   (helmet restricted)
rPois   .          Reflect  .   s - amulet of regeneration
rElec   .          Harm     .   q - ring of resist corrosion
rCorr   +          Rampage  .   w - ring of magical power
Will    +....                   r - ring of see invisible
Stlth   +++.......              N - ring of magical power
HPRegen 1.22/turn               (no ring)
MPRegen 0.26/turn               (no ring)
                                (no ring)
                                (no ring)

@: no status effects
A: almost no armour, amphibious, 8 rings, camouflage 1, gelatinous body 1,
(nimble swimmer 1), tentacles
a: Renounce Religion, Recall Undead Slaves, Injury Mirror, Animate Dead, Drain
Life


You were on level 10 of the Dungeon.
You worshipped Yredelemnul.
Yredelemnul was greatly pleased with you.
You visited 2 branches of the dungeon, and saw 11 of its levels.

You collected 490 gold pieces.
You spent 145 gold pieces at shops.

Inventory:

Hand Weapons
 a - the +9 quarterstaff of a Gauntlet (weapon) {vorpal, Will+}
   (You found it on level 6 of the Dungeon)

   It inflicts extra damage upon your enemies.
   Will:      It increases your willpower.
 b - a +2 dagger of venom
 c - a +0 trident
Missiles
 n - 2 throwing nets (quivered)
 F - 14 boomerangs of dispersal
 K - a curare-tipped dart
Jewellery
 d - an amulet of magic regeneration
 q - a ring of resist corrosion (left tentacle)
 r - a ring of see invisible (on tentacle)
 s - an amulet of regeneration (around mantle)
 w - a ring of magical power (right tentacle)
 N - a ring of magical power (on tentacle)
Wands
 B - a wand of mindburst (12)
 E - a wand of polymorph (25)
 J - a wand of iceblast (9)
 O - a wand of paralysis (12)
Scrolls
 i - a scroll of torment {unknown}
 j - 3 scrolls of enchant armour {unknown}
 k - 3 scrolls of teleportation
 l - 2 scrolls of fog {unknown}
 m - 6 scrolls of identify {unknown}
 p - a scroll of enchant weapon {unknown}
 t - 2 scrolls of magic mapping
 u - 2 scrolls of amnesia {unknown}
 v - 2 scrolls of noise {unknown}
 x - 3 scrolls of blinking
 y - 4 scrolls of fear
 z - a scroll of immolation {unknown}
 C - a scroll of vulnerability {unknown}
 G - a scroll of acquirement {unknown}
Potions
 e - 3 potions of brilliance
 f - a potion of haste {unknown}
 g - 3 potions of might
 h - 4 potions of curing
 o - a potion of mutation {unknown}
 A - a potion of resistance {unknown}
 D - 2 potions of lignification
 H - a potion of magic {unknown}
 I - a potion of degeneration
 L - a potion of cancellation {unknown}
 M - a potion of flight {unknown}


   Skills:
 + Level 8.0 Fighting
 * Level 8.4 Staves
 + Level 8.0 Dodging
 - Level 1.3 Stealth
 - Level 7.0 Spellcasting
 - Level 1.0 Fire Magic
 - Level 1.0 Air Magic
 - Level 6.0 Poison Magic
 - Level 1.1 Evocations


You had 18 spell levels left.
You knew the following spells:

 Your Spells              Type           Power      Damage    Failure   Level
a - Poisonous Vapours     Pois/Air       32%        N/A       4%          2
b - Mephitic Cloud        Conj/Pois/Air  13%        N/A       14%         3

Your spell library contained the following spells:

 Spells                   Type           Power      Damage    Failure   Level
 Sting                    Tmut/Pois      60%        1d6       3%          1
 Olgreb's Toxic Radiance  Pois           24%        N/A       11%         4
 Corona                   Hex            5%         N/A       12%         1
 Sandblast                Erth           10%        2d5       12%         1
 Static Discharge         Conj/Air       7%         N/A       16%         2
 Ensorcelled Hibernation  Hex/Ice        10%        N/A       19%         2
 Stone Arrow              Conj/Erth      10%        3d7       36%         3
 Tukima's Dance           Hex            5%         N/A       36%         3
 Sticky Flame             Conj/Fire      7%         2d3       69%         4
 Dispel Undead            Necr           5%         3d7       77%         4
 Lightning Bolt           Conj/Air       3%         1d15      95%         5
 Maxwell's Capacitive Co  Air            4%         ∞         100%        8


Dungeon Overview and Level Annotations

Branches:
Dungeon (10/15)            Temple (1/1) D:7
   Lair: D:8-11         Orc: D:9-12

Altars:
Ashenzari
Cheibriados
Dithmenos
Elyvilon
Fedhas
Gozag
Hepliaklqana
Kikubaaqudgha
Makhleb
Nemelex Xobeh
Okawaru
Qazlal
Ru
Sif Muna
Trog
Uskayaw
Vehumet
Wu Jian
Xom
Yredelemnul
Zin
The Shining One

Shops:
D:1 *   D:8 [(?   D:10 [


Innate Abilities, Weirdness & Mutations

You cannot wear most types of armour.
You are amphibious.
You can wear up to eight rings at the same time.
Your skin changes colour to match your surroundings (Stealth+).
Your rubbery body absorbs attacks. (AC +1, EV +1)
((You are camouflaged near water. (Stealth+)))
You have tentacles for arms and can constrict up to eight enemies at once.


Message History

Aiming: Poisonous Vapours (safe; 4% risk of failure)
Press: ? - help, Dir - move target, f/p - troll
Aim: a troll (very poisoned) Poisonous vapours surround the troll!
The troll looks as sick as possible!
Casting: Poisonous Vapours (safe; 4% risk of failure)
Confirm with . or Enter, or press ? or * to list all spells.
Aiming: Poisonous Vapours (safe; 4% risk of failure)
Press: ? - help, Dir - move target, f/p - troll
Aim: a troll (extremely poisoned) Poisonous vapours surround the troll!
The troll looks as sick as possible!
Casting: Poisonous Vapours (safe; 4% risk of failure)
Confirm with . or Enter, or press ? or * to list all spells.
Aiming: Poisonous Vapours (safe; 4% risk of failure)
Press: ? - help, Dir - move target, f/p - troll
Aim: a troll (extremely poisoned) Poisonous vapours surround the troll!
The troll looks as sick as possible!
You sock the troll!
The troll is moderately wounded.
The troll misses you. The troll claws you. The troll claws you!
You barely miss the troll.
The troll is moderately wounded.
The troll bites you. The troll claws you! The troll barely misses you.
You sock the troll!
The troll is severely wounded.
The troll bites you! The troll completely misses you. The troll claws you.
You hit the troll.
The troll is severely wounded.
The troll bites you!
* * * LOW HITPOINT WARNING * * *
The troll claws you!
* * * LOW HITPOINT WARNING * * *
The troll closely misses you.
Okay, then.
You fail to use your ability.
The troll barely misses you. The troll claws you.
* * * LOW HITPOINT WARNING * * *
The troll barely misses you.
Unknown command.
You fail to use your ability.
The troll bites you!
You die...
Your body rises from the dead as a mindless zombie.

###
#........)....##.#..#o.y.
#.###.............##.#..# .
.................y'o.#....
#.###............y#########
#.# #<............# #.#
#.............# . ..#
########......# ...
###################.....
................@T......
###################..... #
... # . # # # # #


You could see a troll (very poisoned).

Vanquished Creatures
  A manticore (D:8)
  Joseph (D:8)
  Maurice (D:8)
  Psyche (D:9)
  An unseen horror (D:8)
  A troll (D:9)
  Prince Ribbit (D:8)
  A wyvern (D:9)
  5 yaks (D:9)
  2 vampire mosquitoes (D:7)
  A water moccasin (D:5)
  An orc warrior (D:9)
  A sky beast (D:7)
  A black bear (D:5)
  3 centaurs
  2 ogres
  2 phantoms (D:4)
  2 kobold brigands
  6 bullfrogs
  A wyvern zombie (D:5)
  A scorpion (D:5)
  11 killer bees
  A howler monkey (D:9)
  A crimson imp (D:5)
  A centaur zombie (D:7)
  2 jellies
  A hound (D:4)
  Crazy Yiuf (D:2)
  An orc priest (D:3)
  A bullfrog skeleton (D:6)
  4 iguanas
  4 orc wizards
  3 adders
  3 shadow imps
  A white imp (D:5)
  2 worms
  6 dart slugs
  17 orcs
  4 ball pythons
  5 bats
  8 endoplasms
  3 giant cockroaches
  4 goblins
  14 hobgoblins
  4 jackals (D:1)
  A quokka (D:2)
  4 frilled lizards
  15 kobolds
  2 orc zombies (D:9)
  3 rats
163 creatures vanquished.

Vanquished Creatures (collateral kills)
  An ogre (D:4)
  A water moccasin skeleton (D:4)
  A killer bee (D:10)
  A centaur zombie (D:7)
  A hound (D:5)
  An iguana (D:5)
  An orc wizard (D:10)
  2 adders
  3 orcs
  A ball python (D:2)
  2 kobolds (D:6)
15 creatures vanquished.

Vanquished Creatures (others)
  5 dream sheep (D:4)
  A wight (D:9)
  2 bullfrog zombies (D:7)
  A water moccasin zombie (D:5)
  A human zombie (D:9)
  A ball python zombie (D:3)
  2 hobgoblin zombies
  7 killer bee zombies
  A kobold zombie (D:7)
  4 orc zombies
  A bush (D:5)
  3 plants (D:2)
29 creatures vanquished.

Grand Total: 207 creatures vanquished

Notes
Turn   | Place    | Note
-------+----------+-------------------------------------------
     0 | D:1      | omnomnOMINOUS the Octopode Wanderer began the quest for the
                  | Orb.
     0 | D:1      | omnomnOMINOUS set off with the following items: a +0 club,
                  | a scroll of teleportation; and the following spells
                  | available to memorise: Sting, Poisonous Vapours, Sandblast,
                  | Olgreb's Toxic Radiance, Mephitic Cloud, Stone Arrow
     0 | D:1      | Reached XP level 1. HP: 11/11 MP: 2/2
   293 | D:1      | Reached XP level 2. HP: 18/18 MP: 4/4
   296 | D:1      | Learned a level 2 spell: Poisonous Vapours
   720 | D:1      | Reached skill level 1 in Fighting
   742 | D:1      | Reached skill level 1 in Dodging
   786 | D:1      | Reached XP level 3. HP: 23/23 MP: 2/5
   816 | D:1      | Found a faded altar of an unknown god.
   819 | D:1      | Became a worshipper of Yredelemnul the Dark
   819 | D:1      | Reached * piety under Yredelemnul
  1083 | D:1      | Found Foamp's Assorted Antiques.
  1702 | D:2      | Reached ** piety under Yredelemnul
  1861 | D:2      | Reached XP level 4. HP: 28/28 MP: 7/7
  2312 | D:2      | Found a runed translucent door.
  2313 | D:2      | Noticed Crazy Yiuf
  2385 | D:2      | Killed Crazy Yiuf
  2484 | D:3      | Reached XP level 5. HP: 34/34 MP: 9/9
  3199 | D:4      | Noticed a phantom
  3209 | D:4      | Noticed an ogre
  3221 | D:4      | Killed an ogre
  3222 | D:4      | Reached XP level 6. HP: 41/41 MP: 1/11
  3524 | D:4      | Reached XP level 7. HP: 46/46 MP: 13/13
  4022 | D:4      | Reached *** piety under Yredelemnul
  4023 | D:4      | Reached skill level 5 in Spellcasting
  4075 | D:4      | Noticed a dream sheep
  4075 | D:4      | Noticed a dream sheep
  4075 | D:4      | Noticed a dream sheep
  4075 | D:4      | Noticed a dream sheep
  4075 | D:4      | Noticed a dream sheep
  4075 | D:4      | Found a shimmering altar of Xom.
  4080 | D:4      | Killed a dream sheep
  4080 | D:4      | Killed a dream sheep
  4080 | D:4      | Killed a dream sheep
  4080 | D:4      | Killed a dream sheep
  4082 | D:4      | Killed a dream sheep
  4106 | D:4      | Found a shimmering blue altar of Sif Muna.
  4277 | D:5      | Entered Level 5 of the Dungeon
  4422 | D:5      | Reached XP level 8. HP: 54/54 MP: 16/16
  4477 | D:5      | Found a shadowy altar of Dithmenos.
  4921 | D:5      | Found a broken altar of Ashenzari.
  4921 | D:5      | Found an ornate altar of the Wu Jian Council.
  4922 | D:5      | Found a basalt altar of Yredelemnul.
  5003 | D:5      | Reached skill level 5 in Dodging
  5302 | D:6      | Reached skill level 5 in Fighting
  5701 | D:6      | Identified the +9 quarterstaff of a Gauntlet {vorpal,
                  | Will+}
  5707 | D:6      | Learned a level 3 spell: Mephitic Cloud
  5728 | D:6      | Found a sparkling altar of Nemelex Xobeh.
  5925 | D:7      | Found a staircase to the Ecumenical Temple.
  5934 | Temple   | Entered the Ecumenical Temple
  6153 | D:7      | Reached skill level 1 in Staves
  6194 | D:7      | Reached XP level 9. HP: 61/61 MP: 19/19
  6979 | D:8      | Noticed Maurice
  6989 | D:8      | Killed Maurice
  7056 | D:8      | Found Zorch's Antique Armour Emporium.
  7131 | D:8      | Found Lulieh's Magic Scroll Shop.
  7142 | D:8      | Bought a scroll of blinking for 75 gold pieces
  7142 | D:8      | Bought a scroll of fear for 35 gold pieces
  7142 | D:8      | Bought a scroll of magic mapping for 35 gold pieces
  7197 | D:8      | Reached skill level 5 in Staves
  7207 | D:8      | Noticed Prince Ribbit
  7210 | D:8      | Reached **** piety under Yredelemnul
  7241 | D:8      | Killed Prince Ribbit
  7327 | D:8      | Found a glowing silver altar of Zin.
  7339 | D:8      | Reached XP level 10. HP: 65/69 MP: 20/20
  7449 | D:8      | Noticed Joseph
  7482 | D:8      | Killed Joseph
  7558 | D:8      | Noticed a manticore
  7583 | D:8      | Killed a manticore
  7657 | D:8      | Found Nobevan's Weapon Emporium.
  7873 | D:8      | Noticed an unseen horror
  7880 | D:8      | Killed an unseen horror
  8034 | D:9      | Noticed Psyche
  8053 | D:9      | Killed Psyche
  8208 | D:9      | Your ally Psyche died
  8222 | D:9      | Received a gift from Yredelemnul (a wight)
  8836 | D:9      | Noticed a two-headed ogre
  8869 | D:10     | Entered Level 10 of the Dungeon
  8901 | D:10     | Found an opulent altar of Gozag.
  8953 | D:10     | Found Vidisel's Armour Boutique.
  9068 | D:10     | Noticed a kobold demonologist
  9129 | D:10     | Mangled by a troll

Illustrated notes

Levels and vault maps discovered:
D:1:      matt_arrival_diagonals, layout_basic, serial_shops, shop_statue,
          shapermc_ecumenical_altar_mp_vishouse
D:2:      layout_loops_ring, serial_bayou, serial_bayou_shore_a,
          serial_bayou_shore_b, serial_bayou_pond_e, serial_bayou_shore_b,
          uniq_crazy_yiuf_cottage
D:3:      layout_rooms
D:4:      layout_basic, mainiacjoe_overflow_alcove_1, kb_xom_exploding_sheep
D:5:      layout_basic, overflow_temple_1_default,
          gammafunk_temple_overflow_claw, minmay_misc_feat_nine_boxes,
          kb_lookout_dungeons_type, minmay_fire_ice_demons
D:6:      layout_loops_cross, nemelex_xobeh_ov_fountains_minmay,
          minmay_unpleasant_kobolds
D:7:      layout_loops_cross, minmay_temple_entry_sparse_star,
          grunt_decor_mini_mirrors, kennysheep_decorative_pillar
D:8:      layout_loops_ring, mainiacjoe_overflow_cross_hatched, serial_shops,
          shop_fountains, shop, kennysheep_little_box,
          kennysheep_generic_room_16, uniq_joseph, uniq_prince_ribbit1,
          uniq_maurice
D:9:      layout_loops_ring, uniq_psyche
D:10:     layout_basic, grunt_gozag_breadcrumbs, erik_orc_1, serial_shops,
          nicolae_shop_waterfront, shop,
          nicolae_shop_temple_entry_statues_fountains
Temple:   nicolae_temple_figure_eight

Skill      XL: |  1  2  3  4  5  6  7  8  9 10 |
---------------+-------------------------------+-----
Fighting       | 1 2 3 4 5 6 8 |  8.0
Dodging        | 1 2 3 4 5 6 8 |  8.0
Spellcasting   | 2 3 4 5 7 |  7.0
Staves         | 1 5 8 |  8.4
Stealth        | |  1.3
Fire Magic     | |  1.0
Air Magic      | |  1.0
Poison Magic   | |  6.0
Evocations     | |  1.1

Action                   |  1- 3 |  4- 6 |  7- 9 | 10-12 || total
-------------------------+-------+-------+-------+-------++-------
Melee: Dagger            |    12 |       |     6 |     1 ||    19
       Constrict         |    13 |    19 |    29 |     6 ||    67
       Club              |     2 |       |       |       ||     2
       Tentacles         |    12 |    17 |    33 |     9 ||    71
       Spear             |    12 |       |       |       ||    12
       Short sword       |    35 |    95 |    97 |       ||   227
       Quarterstaff      |       |       |    63 |    59 ||   122
       Unarmed           |       |       |       |     9 ||     9
Throw: Throwing net      |       |     1 |     1 |       ||     2
 Cast: Poisonous Vapours |    20 |    12 |    54 |    37 ||   123
       Mephitic Cloud    |       |       |       |    11 ||    11
Invok: Animate Remains   |       |    15 |     1 |       ||    16
       Recall Undead Sla |       |     1 |       |       ||     1
       Animate Dead      |       |       |    17 |     7 ||    24
Evoke: Wand              |       |       |     6 |       ||     6
  Use: Potion            |       |       |     2 |     2 ||     4
       Scroll            |       |       |       |     1 ||     1
 Stab: Sleeping          |     8 |     3 |     6 |     1 ||    18
       Confused          |       |       |       |     2 ||     2
Armor: Skin              |     2 |     4 |     6 |     9 ||    21
Dodge: Dodged            |    27 |    45 |   141 |    46 ||   259

Table legend: (Time is in decaauts)
 A = Elapsed time spent in this place.
 B = Non-inter-level travel time spent in this place.
 C = Inter-level travel time spent in this place.
 D = Time resting spent in this place.
 E = Time spent auto-exploring this place.
 F = Levels seen in this place.
 G = Mean time per level.
                   A        B        C        D        E       F      G
               +--------+--------+--------+--------+--------+-----+--------+
         Total |   9064 |   8715 |    349 |   1499 |   5352 |  11 |  824.0 |
       Dungeon |   8853 |   8512 |    341 |   1499 |   5154 |  10 |  885.3 |
        Temple |    210 |    202 |      8 |      0 |    198 |   1 |  210.0 |
               +--------+--------+--------+--------+--------+-----+--------+

Top non-repeatable levels by time:
     D:1: 1335 daAuts
     D:4: 1109 daAuts
     D:8: 1064 daAuts
     D:2: 1058 daAuts
     D:9: 841 daAuts
     D:7: 839 daAuts
     D:6: 832 daAuts
     D:5: 782 daAuts
     D:3: 731 daAuts
    D:10: 258 daAuts
  Temple: 210 daAuts
